Map: New Gettysburg LE

Players

HeroMarine

  • Race: Terran Terran

ShoWTimE - Winner!

  • Race: Protoss Protoss

Event: 2016 WCS Summer Circuit Championship (DH Montreal)

VOD

https://www.youtube.com/watch?v=PHFNWUtabEw&lc=z135tzraysyrt5moi04ce1k4kly3yzfrjuc0k

Description

Time

  • Played on: Aug. 12, 2016, 12:31 p.m.
  • Length: 11:21

All games in this series

Show
View Real Time Build Order
Export as new Build Order

HeroMarine Terran 

Build Orders: MMM Bio 

Get SALT Encoding   

  12  0:00  SCV  
  13  0:13  SCV  
  14  0:18  Supply Depot  
  14  0:25  SCV  
  15  0:39  SCV  
  15  0:42  Barracks  
  16  0:45  Refinery  
  16  0:51  SCV  
  17  1:03  SCV  
  18  1:15  SCV  
  19  1:28  Marine  
  19  1:29  Orbital Command  
  20  1:43  Command Center  
  20  1:54  Factory  
  20  1:59  SCV  
  21  2:05  Barracks Reactor  
  21  2:11  Supply Depot  
  21  2:12  SCV  
  22  2:24  SCV  
  22  2:26  Barracks  
  23  2:36  SCV  
  26  2:44  Hellion x2  
  26  2:46  Marine  
  26  2:48  SCV  
  30  2:55  Orbital Command  
  30  3:00  SCV  
  31  3:12  Widow Mine, Marine x2, SCV  
  34  3:14  Barracks Tech Lab  
  36  3:21  SCV  
  36  3:24  SCV  
  38  3:33  Supply Depot, SCV, Marine, Refinery  
  38  3:34  Stimpack  
  40  3:35  Marine  
  40  3:36  SCV  
  40  3:37  Marine  
  43  3:45  SCV  
  44  3:48  SCV  
  44  3:51  Marine  
  44  3:54  Starport, Marine  
  44  3:55  Factory Reactor  
  47  3:56  Supply Depot  
  47  3:59  SCV  
  47  4:00  SCV  
  49  4:11  SCV  
  49  4:12  Supply Depot, Marine x2  
  49  4:13  SCV  
  53  4:23  SCV  
  53  4:24  Engineering Bay, Marine  
  54  4:25  SCV  
  54  4:29  Marine  
  57  4:35  Supply Depot  
  57  4:36  Supply Depot  
  57  4:38  Viking  
  57  4:39  Factory Tech Lab, Medivac  
  57  4:41  Marine  
  63  4:47  Marine  
  63  4:48  Bunker  
  63  4:49  Marine  
  63  4:52  Missile Turret  
  64  4:55  Missile Turret  
  64  5:01  Supply Depot x2  
  64  5:02  Siege Tank  
  64  5:04  Marine  
  64  5:06  Marine  
  69  5:08  Marine  
  69  5:12  SCV  
  69  5:14  SCV  
  64  5:21  Marine  
  64  5:23  Marine  
  64  5:24  SCV  
  64  5:26  Marine  
  50  5:37  SCV  
  50  5:39  Marine, SCV  
  50  5:41  Marine  
  52  5:44  Marine  
  53  5:51  SCV  
  53  5:52  SCV  
  53  5:54  Liberator  
  55  5:57  Marine  
  55  5:59  Marine  
  55  6:01  Marine  
  55  6:03  Supply Depot, SCV  
  62  6:14  Siege Tank  
  62  6:15  Marine  
  62  6:16  SCV x2  
  62  6:17  Marine  
  69  6:19  Marine  
  70  6:28  SCV x2  
  70  6:29  Medivac  
  74  6:33  Marine  
  74  6:35  Marine  
  74  6:37  Marine  
  77  6:40  SCV x2  
  77  6:45  Barracks  
  77  6:46  Refinery  
  79  6:50  Marine  
  79  6:52  SCV x2  
  79  6:53  Marine  
  83  6:55  Marine  
  78  7:04  SCV x2  
  78  7:08  Marine  
  78  7:10  Marine  
  78  7:13  Marine  
  78  7:15  Medivac x2  
  85  7:16  SCV  
  85  7:20  Missile Turret  
  85  7:22  Missile Turret  
  81  7:24  SCV  
  81  7:26  Marine  
  81  7:28  Marine, SCV  
  81  7:29  Missile Turret  
  84  7:30  Marine  
  84  7:36  SCV  
  86  7:41  SCV  
  87  7:44  Marine  
  87  7:45  Marine  
  87  7:46  Marine  
  87  7:48  Marine, SCV  
  92  7:53  SCV  
  92  7:59  Combat Shields  
  92  8:00  SCV  
  92  8:04  Terran Infantry Weapons Level 1  
  92  8:05  SCV  
  94  8:09  Supply Depot  
  94  8:26  Command Center  
  94  8:29  Supply Depot, Marine x2  
  94  8:30  Marauder x2  
  94  8:32  Medivac  
  102  8:35  Medivac  
  104  8:44  SCV x2  
  104  8:48  Marine x2  
  106  8:51  Marauder  
  110  8:59  Marauder  
  96  9:03  SCV x2  
  96  9:06  Marine x2  
  99  9:13  Medivac x2  
  99  9:16  Marauder  
  97  9:20  Marine  
  97  9:22  Refinery  
  97  9:24  Marine  
  93  9:25  Barracks  
  93  9:27  Factory Reactor  
  93  9:28  Marine  
  93  9:29  Liberator, Barracks  
  92  9:34  Liberator  
  92  9:37  Marine  
  92  9:38  Marine  
  93  9:39  SCV x2  
  93  9:40  Orbital Command  
  93  9:41  Marine  
  103  9:54  Marine  
  103  9:55  Marine  
  103  9:59  Marauder  
  107  10:00  SCV  
  107  10:01  SCV  
  109  10:08  Concussive Shells  
  109  10:12  Liberator  
  109  10:14  Orbital Command  
  109  10:16  Liberator  
  109  10:18  Marine x2, Marauder  
  109  10:21  Marauder  
  117  10:26  Marine x2  
  120  10:39  Marauder  
  120  10:42  Marine x2, Marauder  
  123  10:43  Barracks Tech Lab  
  123  10:47  SCV x2  
  127  10:51  Marine x2  
  108  11:00  Marine x2  
  108  11:02  Marine  
Show
View Real Time Build Order
Export as new Build Order

ShoWTimE Protoss - Winner!

Build Orders: 1 Gate Expand 

Get SALT Encoding   

  12  0:01  Probe (Chrono Boost)  
  13  0:11  Probe (Chrono Boost)  
  14  0:17  Pylon  
  14  0:22  Probe (Chrono Boost)  
  16  0:35  Probe (Chrono Boost)  
  16  0:38  Gateway  
  16  0:43  Assimilator  
  16  0:47  Probe (Chrono Boost)  
  17  0:57  Probe (Chrono Boost)  
  18  1:08  Probe (Chrono Boost)  
  19  1:19  Nexus  
  19  1:29  Cybernetics Core  
  19  1:33  Probe (Chrono Boost)  
  19  1:38  Assimilator  
  20  1:43  Probe (Chrono Boost)  
  21  1:51  Pylon  
  22  1:54  Probe (Chrono Boost)  
  22  2:09  Adept  
  22  2:10  Mothership Core (Chrono Boost)  
  22  2:12  Warp Gate  
  26  2:28  Probe (Chrono Boost)  
  27  2:33  Twilight Council, Probe (Chrono Boost)  
  27  2:35  Adept  
  28  2:40  Probe (Chrono Boost)  
  32  2:44  Probe (Chrono Boost)  
  33  2:52  Probe (Chrono Boost)  
  33  2:54  Probe (Chrono Boost)  
  34  2:58  Resonating Glaives  
  34  3:04  Probe (Chrono Boost)  
  34  3:05  Probe (Chrono Boost)  
  36  3:14  Robotics Facility  
  36  3:16  Probe (Chrono Boost)  
  36  3:19  Probe (Chrono Boost)  
  39  3:28  Probe (Chrono Boost)  
  39  3:30  Probe (Chrono Boost)  
  40  3:35  Gateway  
  40  3:37  Gateway  
  40  3:43  Gateway  
  40  3:49  Gateway  
  40  3:53  Gateway  
  40  3:59  Gateway  
  40  4:04  Gateway  
  40  4:07  Warp Prism  
  40  4:16  Pylon  
  42  4:20  Probe (Chrono Boost)  
  42  4:21  Probe (Chrono Boost)  
  44  4:26  Pylon  
  44  4:34  Probe x2 (Chrono Boost)  
  44  4:35  Adept x2  
  50  4:41  Pylon  
  50  4:52  Warp Prism  
  52  5:13  Adept x3  
  52  5:14  Adept x5  
  50  5:37  Adept x7  
  50  5:39  Adept  
  58  5:48  Dark Shrine  
  58  5:49  Probe x2 (Chrono Boost)  
  60  6:00  Probe x2 (Chrono Boost)  
  62  6:10  Assimilator  
  62  6:12  Assimilator  
  62  6:14  Adept x4  
  62  6:17  Pylon  
  70  6:21  Blink  
  70  6:23  Pylon  
  70  6:32  Pylon  
  70  6:35  Probe (Chrono Boost)  
  70  6:36  Probe (Chrono Boost)  
  72  6:46  Probe (Chrono Boost)  
  73  6:50  Nexus  
  73  6:51  Probe (Chrono Boost), Pylon  
  74  6:57  Probe (Chrono Boost)  
  75  7:05  Dark Templar x3  
  73  7:10  Probe (Chrono Boost)  
  73  7:11  Probe (Chrono Boost)  
  75  7:19  Immortal  
  75  7:21  Probe (Chrono Boost)  
  80  7:28  Sentry x2  
  80  7:29  Sentry  
  84  7:34  Probe (Chrono Boost)  
  84  7:36  Probe (Chrono Boost)  
  86  7:42  Sentry  
  86  7:47  Probe (Chrono Boost)  
  86  7:48  Probe (Chrono Boost), Pylon  
  86  7:51  Pylon  
  87  7:56  Stalker x3  
  87  7:57  Stalker  
  93  8:01  Immortal  
  95  8:12  Pylon  
  95  8:14  Adept x3  
  101  8:21  Stalker x2  
  105  8:28  Adept x2  
  105  8:33  Probe (Chrono Boost), Adept  
  112  8:37  Adept  
  112  8:38  Adept, Warp Prism  
  118  8:51  Adept x3  
  119  9:01  Adept x2  
  119  9:02  Adept x2  
  119  9:05  Pylon  
  119  9:08  Dark Templar  
  111  9:22  Stalker x2  
  111  9:23  Stalker x3  
  115  9:28  Forge  
  115  9:35  Probe x2 (Chrono Boost)  
  115  9:36  Probe (Chrono Boost), Assimilator  
  118  9:40  Assimilator  
  118  9:44  Pylon  
  118  9:45  Probe x2 (Chrono Boost), Pylon  
  120  9:49  Probe (Chrono Boost)  
  121  9:56  Probe (Chrono Boost)  
  122  10:08  Adept x3, Stalker x4  
  122  10:11  Adept  
  136  10:25  Probe (Chrono Boost)  
  136  10:26  Probe x2 (Chrono Boost)  
  139  10:30  Sentry, Adept x2  
  143  10:35  Adept x2  
  143  10:36  Adept  
  143  10:42  Pylon  
  147  10:43  Pylon  
  147  10:50  Nexus  
  131  11:03  Adept x2  
  131  11:04  Adept x3  
  131  11:09  Adept  
  131  11:10  Adept x2  
Tags
 
Add a new tag
Caveats
  • Supply blocks, unpowered buildings, or Contaminate may cause inaccurate times.
  • Supply counts are checked every 10 seconds.